AoeStats
← schmeno

Arena

510463227Analyzed
1v1 RM · 2d ago on Oct 1, 2026· 77m 5s· 2 players
Game mode
Random Map
Map size
Tiny (2 player)
Population
200
Speed
Normal
Resources
Standard
Victory
Conquest
Starting age
Dark Age
Ending age
Imperial Age
RankedLock teamsTeams togetherTeam positionsShared explorationLock speedFull tech treeHidden civsTurbo modeCheats
Victory
Defeat
🇺🇸 Saxons · United States
1180
+17
🇮🇳 Gurjaras · India
1196
-17
schmeno
9:59 Feudal Age
14:08 Castle Age
12:12 Double-Bit Axe
13:04 Horse Collar
15:17 Bow Saw
17:03 Loom
20:21 Sanctity
20:53 Wheelbarrow
24:15 Gold Mining
24:25 Town Watch
25:37 Stone Mining
25:56 Fletching
29:00 Imperial Age
26:52 Bodkin Arrow
28:31 Thumb Ring
29:10 Padded Archer Armor
29:49 Bracer
30:57 Ballistics
30:30 Guard Tower
32:39 Chemistry
32:17 Crossbowman
33:48 Arrowslits
34:09 Clerical Recruitment
35:02 Light Cavalry
35:52 Bloodlines
35:43 Husbandry
36:47 Keep
36:41 Hussar
38:35 Heavy Plow
40:16 Scale Barding Armor
40:22 Forging
41:06 Forging
40:56 Scale Mail Armor
41:44 Murder Holes
42:27 Iron Casting
41:19 Shield Wall
41:57 Elite Varangian Guard
42:30 Gambesons
43:05 Chain Mail Armor
43:30 Arbalester
46:42 Leather Archer Armor
56:05 Ring Archer Armor
56:05 Plate Mail Armor
57:21 Masonry
56:35 Capped Ram
58:06 Conscription
57:44 Onager
57:45 Siege Ram
61:57 Siege Engineers
70:25 Elite Hearth Troop
Vipera Berus
11:13 Feudal Age
14:53 Castle Age
12:59 Double-Bit Axe
13:30 Gold Mining
16:58 Crossbowman
18:03 Fletching
24:25 Bow Saw
24:53 Wheelbarrow
24:04 Loom
26:14 Hand Cart
25:45 Town Watch
28:30 Stone Mining
29:18 Gold Shaft Mining
33:19 Imperial Age
31:34 Stone Shaft Mining
32:02 Horse Collar
32:34 Forging
32:30 Scale Barding Armor
32:26 Scale Mail Armor
32:36 Town Patrol
33:22 Heavy Plow
33:59 Iron Casting
33:20 Bodkin Arrow
34:30 Conscription
35:22 Devotion
36:29 Bloodlines
36:20 Husbandry
35:41 Heavy Camel Rider
37:48 Kshatriyas
37:47 Elite Shrivamsha Rider
38:44 Scale Barding Armor
39:49 Chain Barding Armor
46:53 Crop Rotation
46:04 Elite Chakram Thrower
51:23 Chain Mail Armor
51:44 Plate Barding Armor
52:27 Elite Skirmisher
53:12 Thumb Ring
55:39 Ballistics
56:20 Chemistry
56:22 Bracer
56:22 Padded Archer Armor
63:27 Light Cavalry
64:03 Hussar
71:42 Leather Archer Armor
Connection lost

Rejoining the realm…

Still unreachable

The connection could not be restored.

Session expired

The server has moved on; the page needs a fresh start.